Map: Cosmic Sapphire

Players

PsyonicxGirl

  • Race: Zerg Zerg
  • League: Diamond
  • Spawn Location: 11:00

WAZPINATOR - Winner!

  • Race: Zerg Zerg
  • League: Diamond
  • Spawn Location: 5:00

VOD

Have the link to the VOD?

Description

Time

  • Played on: Oct. 23, 2022, 10:49 p.m.
  • Length: 6:59
Show
View Real Time Build Order
Export as new Build Order

PsyonicxGirl Zerg 

Build Orders: Pool First 

Get SALT Encoding   

  12  0:03  Drone  
  13  0:08  Drone  
  14  0:18  Overlord  
  14  0:37  Drone x3  
  17  0:48  Spawning Pool  
  16  0:56  Drone  
  17  1:14  Hatchery  
  16  1:36  Zergling x6  
  19  1:51  Extractor  
  18  1:54  Zergling x2  
  19  2:09  Queen  
  19  2:11  Overlord  
  21  2:21  Spine Crawler  
  20  2:27  Queen  
  22  2:34  Drone x3  
  25  2:40  Roach Warren  
  23  3:03  Zergling x6  
  23  3:04  Zergling x4  
  28  3:08  Drone  
  29  3:13  Metabolic Boost  
  26  3:36  Zergling x2  
  26  3:40  Baneling Nest, Roach  
  28  3:44  Drone x3  
  28  3:46  Zergling x2  
  28  3:47  Zergling x6  
  35  4:09  Drone  
  36  4:11  Overlord x2  
  36  4:24  Baneling x5  
  36  4:30  Drone x5  
  41  4:50  Zergling x2, Evolution Chamber  
  41  4:51  Zergling x4  
  41  4:52  Evolution Chamber  
  42  5:02  Zergling x8  
  30  5:16  Zergling x2  
  30  5:17  Zergling x8  
  33  5:27  Zergling x6  
  31  5:39  Baneling  
  31  5:41  Baneling  
  31  5:42  Evolution Chamber, Baneling x2  
  31  5:45  Roach  
  31  5:57  Drone x4  
  35  6:06  Queen  
  33  6:26  Zergling x12  
  33  6:31  Zergling x2  
  29  6:41  Zergling x8  
Show
View Real Time Build Order
Export as new Build Order

WAZPINATOR Zerg - Winner!

Build Orders: Hatch First 

Get SALT Encoding   

  12  0:00  Drone  
  13  0:12  Overlord  
  13  0:16  Drone  
  14  0:30  Drone x2  
  16  0:57  Hatchery  
  15  0:58  Drone x2  
  15  0:59  Drone  
  15  1:02  Extractor  
  17  1:16  Spawning Pool  
  16  1:19  Drone  
  17  1:28  Drone  
  18  1:37  Evolution Chamber  
  18  1:38  Drone  
  18  1:41  Drone  
  19  1:54  Drone  
  20  2:09  Queen x2  
  20  2:10  Zerg Melee Weapons Level 1  
  24  2:22  Zergling x8  
  28  3:01  Zergling x2  
  28  3:02  Zergling x6  
  28  3:26  Metabolic Boost  
  28  3:42  Hatchery  
  28  3:44  Hatchery  
  26  3:58  Overlord x3  
  26  4:20  Zergling x6  
  29  4:33  Zergling x2  
  29  4:34  Zergling x2  
  29  4:38  Zergling x6  
  34  4:48  Hatchery  
  34  4:49  Zergling x2  
  34  4:52  Zerg Ground Armor Level 1  
  25  5:34  Zergling x22  
  25  5:35  Zergling x4  
  37  5:40  Zergling x12  
  43  5:55  Zergling x8  
  43  5:56  Zergling x2  
  45  6:03  Zergling x2  
  46  6:06  Zergling x4  
  46  6:08  Zergling x2  
  46  6:11  Zergling x2  
  46  6:24  Zergling x2  
  41  6:27  Zergling x8  
  41  6:31  Zergling x2  
  45  6:33  Zergling x2  
  45  6:36  Zergling x2  
  45  6:41  Zergling x2  
Tags
 
Add a new tag
Caveats
  • Supply blocks, unpowered buildings, or Contaminate may cause inaccurate times.
  • Supply counts are checked every 10 seconds.